 Dungeon Crawl Stone Soup version 0.28-a0-533-g9f97627e2a (webtiles) character file.

Game seed: 7528510137379459340

474 Gargoyl the Skirmisher (level 7, -3/59 HPs)
             Began as a Gnoll Abyssal Knight on Sept 25, 2021.
             Was a Believer of Lugonu.
             Slain by a gnoll (9 damage)
             ... on level 4 of the Dungeon.
             The game lasted 00:04:29 (4124 turns).

Gargoyl the Skirmisher (Gnoll Abyssal Knight)       Turns: 4124, Time: 00:04:30

Health: -3/59      AC:  8    Str: 15    XL:     7   Next: 10%
Magic:  0/10       EV: 11    Int:  9    God:    Lugonu [**....]
Gold:   235        SH:  0    Dex: 12    Spells: 10/10 levels left

rFire   . . .      SeeInvis .   d - +3 broad axe (vorpal)
rCold   . . .      Faith    .   (no shield)
rNeg    + . .      Spirit   +   i - +0 ring mail
rPois   .          Reflect  .   b - +1 helmet
rElec   .          Harm     .   (no cloak)
rCorr   .          Rampage  .   (no gloves)
Will    .....                   (no boots)
Stlth   +.........              h - amulet of guardian spirit
HPRegen 0.19/turn               e - ring of positive energy
MPRegen 0.12/turn               (no ring)

@: no status effects
A: fangs 1, strong nose, distributed training
a: Renounce Religion, Depart the Abyss, Bend Space


You were on level 4 of the Dungeon.
You worshipped Lugonu.
Lugonu was pleased with you.
You visited 1 branch of the dungeon, and saw 4 of its levels.
You visited the Abyss 1 time.

You collected 235 gold pieces.

Inventory:

Hand Weapons
 a - a +1 hand axe
 d - a +3 vorpal broad axe (weapon)
 o - a +6 dagger of venom
Missiles
 n - 18 poisoned darts (quivered)
 p - a throwing net
Armour
 b - a +1 helmet (worn)
 i - a +0 ring mail (worn)
Jewellery
 e - a ring of positive energy (left hand)
 f - an amulet of reflection
 h - an amulet of guardian spirit (around neck)
Wands
 c - a wand of paralysis (10)
 l - a wand of flame (9)
Scrolls
 s - a scroll of magic mapping {unknown}
Potions
 g - a potion of brilliance
 j - a potion of resistance {unknown}
 k - 3 potions of haste
 m - a potion of flight {unknown}
 q - 2 potions of cancellation {unknown}
 r - 2 potions of heal wounds


   Skills:
 + Level 6.9 Fighting
 + Level 2.2 Short Blades
 + Level 2.2 Long Blades
 + Level 5.1 Axes
 + Level 2.2 Maces & Flails
 + Level 2.2 Polearms
 + Level 2.2 Staves
 + Level 2.2 Slings
 + Level 2.2 Bows
 + Level 2.2 Crossbows
 + Level 2.2 Throwing
 + Level 5.1 Armour
 + Level 3.4 Dodging
 + Level 2.2 Stealth
 + Level 2.2 Shields
 + Level 2.2 Unarmed Combat
 + Level 2.2 Spellcasting
 + Level 1.8 Conjurations
 + Level 1.8 Hexes
 + Level 1.8 Summonings
 + Level 1.8 Necromancy
 + Level 1.8 Translocations
 + Level 1.8 Transmutations
 + Level 1.8 Fire Magic
 + Level 1.8 Ice Magic
 + Level 1.8 Air Magic
 + Level 1.8 Earth Magic
 + Level 1.8 Poison Magic
 + Level 5.2 Invocations
 + Level 2.2 Evocations


You had 10 spell levels left.
You didn't know any spells.
Your spell library contained the following spells:

 Spells                   Type           Power      Damage    Failure   Level
 Corpse Rot               Necr/Air       N/A        N/A       38%         2
 Poisonous Vapours        Pois/Air       8%         N/A       38%         2
 Dazzling Flash           Conj/Hex       8%         N/A       63%         3
 Iskenderun's Mystic Bla  Conj/Tloc      4%         2d3       95%         4
 Starburst                Conj/Fire      2%         6d3       100%        6


Dungeon Overview and Level Annotations

Branches:
Dungeon (4/15)
 Temple: D:4-7

Altars:
Elyvilon


Innate Abilities, Weirdness & Mutations

You have very sharp teeth.
Your uncanny sense of smell can sniff out nearby items.
Your experience applies equally to all skills.


Message History

You kill the gnoll!
Lugonu accepts your kill.
p - a throwing net;
s - a scroll labelled JARCHU LODWY
Things that are here:
a +0 flail; a gnoll corpse Magic restored.
Found a stone staircase leading down.
You pick up a book of Vapours and begin reading...
You add the spells Poisonous Vapours and Corpse Rot to your library.
You now have 209 gold pieces (gained 14).
You now have 224 gold pieces (gained 15).
You now have 235 gold pieces (gained 11).
A gnoll comes into view. It is wielding a +0 halberd.
A gnoll is nearby! 3 gnolls come into view.
The gnoll shouts! x3
The gnoll hits you with a +0 spear! The gnoll closely misses you.
The gnoll hits you but does no damage. The gnoll hits you with a +0 halberd!
The gnoll hits you but does no damage.
You barely miss the gnoll. You bite the gnoll, but do no damage.
You barely miss the gnoll. x2; You slash the gnoll!
The gnoll barely misses you. The gnoll misses you.
The gnoll hits you with a +0 halberd. x2
Unknown command.
You hit the gnoll.
The gnoll is lightly wounded.
You hit the gnoll but do no damage. You barely miss the gnoll. x2
The gnoll hits you with a +0 flail. The gnoll hits you with a +0 spear.
The gnoll hits you with a +0 halberd! x2
* * * LOW HITPOINT WARNING * * *
The gnoll hits you with a +0 spear.
* * * LOW HITPOINT WARNING * * *
The gnoll hits you with a +0 flail.
* * * LOW HITPOINT WARNING * * *
The gnoll hits you with a +0 halberd!
* * * LOW HITPOINT WARNING * * *
You barely miss the gnoll. Your bite misses the gnoll.
The gnoll is lightly wounded.
You slash the gnoll! x2; You hit the gnoll but do no damage.
The gnoll hits you with a +0 halberd!
You die...

#.
#######>#..........#
# #.........##.#
###.....####.# #####
#.....####.# .....#
######.#......#
#.....#
#......########
.......##.######
###### ......gg#.#
#..... ......g@..#
#####....)
......g.###
#......### .......##
#.###..... #.....#
#.###..### ##...#
##.#....# ####
#.......# #..#.##.#
#.......# #.##.##.#


You could see 4 gnolls.

Vanquished Creatures
  Grinder (D:3)
  An orc priest (D:3)
  Ijyb (D:4)
  Jessica (D:2)
  Terence (D:3)
  An orc wizard (D:3)
  Robin (D:3)
  3 gnolls (D:4)
  3 adders
  A dart slug (D:2)
  6 orcs
  3 ball pythons
  6 endoplasms
  2 giant cockroaches
  9 hobgoblins
  2 jackals (D:4)
  2 quokkas
  A bat (D:2)
  2 frilled lizards
  16 goblins
  7 kobolds
  7 rats
77 creatures vanquished.

Notes
Turn   | Place    | Note
-------+----------+-------------------------------------------
     0 | Abyss:1  | Gargoyl the Gnoll Abyssal Knight began the quest for the
                  | Orb.
     0 | Abyss:1  | Reached XP level 1. HP: 23/23 MP: 3/3
     3 | Abyss:2  | Found a corrupted altar of Lugonu.
    40 | Abyss:2  | Noticed a sun demon
    40 | Abyss:2  | Noticed a sun demon
    46 | D:1      | Escaped the Abyss
   304 | D:1      | Reached XP level 2. HP: 22/29 MP: 5/5
   559 | D:1      | Reached * piety under Lugonu
  1041 | D:2      | Reached XP level 3. HP: 35/35 MP: 6/6
  1089 | D:2      | You fall into a shaft and drop 2 floors!
  1149 | D:3      | Noticed Terence
  1149 | D:3      | Noticed Robin
  1164 | D:3      | Noticed Grinder
  1178 | D:3      | Killed Terence
  1179 | D:3      | Reached skill level 1 in Short Blades
  1179 | D:3      | Reached skill level 1 in Long Blades
  1179 | D:3      | Reached skill level 1 in Maces & Flails
  1179 | D:3      | Reached skill level 1 in Polearms
  1179 | D:3      | Reached skill level 1 in Staves
  1179 | D:3      | Reached skill level 1 in Slings
  1179 | D:3      | Reached skill level 1 in Bows
  1179 | D:3      | Reached skill level 1 in Crossbows
  1179 | D:3      | Reached skill level 1 in Throwing
  1179 | D:3      | Reached skill level 1 in Stealth
  1179 | D:3      | Reached skill level 1 in Shields
  1179 | D:3      | Reached skill level 1 in Unarmed Combat
  1179 | D:3      | Reached skill level 1 in Spellcasting
  1179 | D:3      | Reached skill level 1 in Evocations
  1179 | D:3      | Reached XP level 4. HP: 26/41 MP: 7/7
  1181 | D:3      | Paralysed by Grinder for 3 turns
  1187 | D:3      | Killed Robin
  1192 | D:3      | Killed Grinder
  1193 | D:3      | Reached skill level 1 in Conjurations
  1193 | D:3      | Reached skill level 1 in Hexes
  1193 | D:3      | Reached skill level 1 in Summonings
  1193 | D:3      | Reached skill level 1 in Necromancy
  1193 | D:3      | Reached skill level 1 in Translocations
  1193 | D:3      | Reached skill level 1 in Transmutations
  1193 | D:3      | Reached skill level 1 in Fire Magic
  1193 | D:3      | Reached skill level 1 in Ice Magic
  1193 | D:3      | Reached skill level 1 in Air Magic
  1193 | D:3      | Reached skill level 1 in Earth Magic
  1193 | D:3      | Reached skill level 1 in Poison Magic
  1193 | D:3      | Reached skill level 5 in Invocations
  1193 | D:3      | Reached XP level 5. HP: 32/47 MP: 8/8
  1193 | D:3      | Reached XP level 6. HP: 36/53 MP: 9/9
  1452 | D:2      | Found a white marble altar of Elyvilon.
  1834 | D:2      | Noticed Jessica
  1842 | D:2      | Killed Jessica
  1843 | D:2      | Reached skill level 5 in Axes
  1843 | D:2      | Reached skill level 5 in Armour
  1933 | D:2      | Reached ** piety under Lugonu
  2111 | D:2      | You fall into a shaft and drop 1 floor!
  2549 | D:3      | Found a faded altar of an unknown god.
  3227 | D:3      | Identified a scroll of acquirement
  3227 | D:3      | Acquired a ring of positive energy
  3717 | D:4      | Noticed Ijyb
  3728 | D:4      | Killed Ijyb
  3729 | D:4      | Reached XP level 7. HP: 27/59 MP: 5/10
  4124 | D:4      | Slain by a gnoll

Illustrated notes

Levels and vault maps discovered:
D:1:      wander_arrival_chamber, layout_loops_ring
D:2:      layout_basic, basic_altar, uniq_jessica
D:3:      layout_basic, hellmonk_ecumenical_altar_zigzags, uniq_robin,
          uniq_grinder, uniq_terence
D:4:      layout_loops_cross, uniq_ijyb

Skill      XL: |  1  2  3  4  5  6 |
---------------+-------------------+-----
Short Blades   | 1 2 |  2.2
Long Blades    | 1 2 |  2.2
Maces & Flails | 1 2 |  2.2
Polearms       | 1 2 |  2.2
Staves         | 1 2 |  2.2
Slings         | 1 2 |  2.2
Bows           | 1 2 |  2.2
Crossbows      | 1 2 |  2.2
Throwing       | 1 2 |  2.2
Stealth        | 1 2 |  2.2
Shields        | 1 2 |  2.2
Unarmed Combat | 1 2 |  2.2
Spellcasting   | 1 2 |  2.2
Evocations     | 1 2 |  2.2
Dodging        | 3 |  3.4
Conjurations   | 1 |  1.8
Hexes          | 1 |  1.8
Summonings     | 1 |  1.8
Necromancy     | 1 |  1.8
Translocations | 1 |  1.8
Transmutations | 1 |  1.8
Fire Magic     | 1 |  1.8
Ice Magic      | 1 |  1.8
Air Magic      | 1 |  1.8
Earth Magic    | 1 |  1.8
Poison Magic   | 1 |  1.8
Invocations    | 5 |  5.2
Axes           | 5 |  5.1
Armour         | 5 |  5.1
Fighting       | |  6.9

Action                   |  1- 3 |  4- 6 |  7- 9 || total
-------------------------+-------+-------+-------++-------
Melee: Broad axe         |    64 |   104 |    11 ||   179
       Bite              |     3 |     3 |     2 ||     8
Invok: Depart the Abyss  |     1 |       |       ||     1
Evoke: Wand              |       |     1 |       ||     1
  Use: Scroll            |     5 |     7 |       ||    12
       Potion            |     1 |     1 |       ||     2
 Stab: Paralysed         |       |     1 |       ||     1
       Sleeping          |       |     3 |       ||     3
Armor: Leather armour    |     7 |       |       ||     7
       Ring mail         |    25 |    54 |     2 ||    81
Dodge: Dodged            |    58 |    56 |    10 ||   124

Table legend: (Time is in decaauts)
 A = Elapsed time spent in this place.
 B = Non-inter-level travel time spent in this place.
 C = Inter-level travel time spent in this place.
 D = Time resting spent in this place.
 E = Time spent auto-exploring this place.
 F = Levels seen in this place.
 G = Mean time per level.
                   A        B        C        D        E       F      G
               +--------+--------+--------+--------+--------+-----+--------+
         Total |   4197 |   3985 |    212 |    393 |   2857 |   6 |  699.5 |
       Dungeon |   4152 |   3940 |    212 |    393 |   2828 |   4 | 1038.0 |
         Abyss |     45 |     45 |      0 |      0 |     29 |   2 |   22.5 |
               +--------+--------+--------+--------+--------+-----+--------+

Top non-repeatable levels by time:
     D:3: 1320 daAuts
     D:1: 1005 daAuts
     D:2: 926 daAuts
     D:4: 900 daAuts
 Abyss:2: 42 daAuts
 Abyss:1: 3 daAuts
